 Dungeon Sprint DCSS version 0.27-a0-695-gb4952372f7 (webtiles) character file.

Game seed: 12867129780880588476

12079 mhtbhm the Bludgeoner (level 12, -5/108 HPs)
             Began as a Human Berserker on Mar 22, 2021.
             Was the Champion of Trog.
             Slain by an orc knight
             ... wielding a +2 great sword
              (8 damage)
             ... in the Dungeon (Sprint IX: "|||||||||||||||||||||||||||||").
             The game lasted 00:03:28 (2322 turns).

mhtbhm the Bludgeoner (Human Berserker)             Turns: 2322, Time: 00:03:29

Health: -5/108     AC: 20    Str: 21    XL:     12   Next: 15%
Magic:  12/12      EV: 17    Int: 11    God:    Trog [******]
Gold:   683        SH:  0    Dex: 14    Spells: 11/11 levels left

rFire    . . .     SeeInvis .   a - +2 dire flail (protect)
rCold    . . .     Faith    .   (shield currently unavailable)
rNeg     . . .     Spirit   .   b - +1 scale mail
rPois    .         Reflect  .   (no helmet)
rElec    .         Harm     .   (no cloak)
rCorr    .         Rampage  .   l - +0 pair of gloves
Will     .....     NoTele   +   k - +0 pair of boots
Stlth    +.........             (no amulet)
HPRegen  0.28/turn              m - +2 ring of evasion
MPRegen  0.13/turn              n - +3 ring of intelligence

@: protection aura, berserk cooldown, slowed, very slow
A: no striking features
a: Renounce Religion, Berserk, Trog's Hand, Brothers in Arms


You were in the Dungeon.
You worshipped Trog.
Trog was exalted by your worship.
You visited 1 branch You collected 683 gold pieces.

Inventory:

Hand Weapons
 a - a +2 dire flail of protection (weapon)
Armour
 b - a +1 scale mail (worn)
 k - a +0 pair of boots (worn)
 l - a +0 pair of gloves (worn)
Jewellery
 m - a +2 ring of evasion (right hand)
 n - a +3 ring of intelligence (left hand)
Wands
 j - a wand of acid (5)
Scrolls
 o - 3 scrolls of blinking
 p - a scroll of identify
 q - a scroll of fear
 r - 2 scrolls of enchant weapon
Potions
 c - 6 potions of curing
 d - 6 potions of heal wounds
 e - a potion of haste
 f - 4 potions of magic
 g - a potion of berserk rage
 h - 2 potions of might
 i - a potion of invisibility
 s - 2 potions of flight


   Skills:
 + Level 14.7 Fighting
 + Level 17.3 Maces & Flails
 + Level 13.3 Armour
 + Level 10.6 Dodging
 + Level 4.8 Stealth
 + Level 3.4 Evocations


You had 11 spell levels left.
You didn't know any spells.
Your spell library was empty.

Dungeon Overview and Level Annotations

Branches:
Dungeon (1/1)

Altars:
Cheibriados
Dithmenos
Elyvilon
Fedhas
Gozag
Hepliaklqana
Kikubaaqudgha
Makhleb
Nemelex Xobeh
Okawaru
Qazlal
Ru
Sif Muna
Trog
Uskayaw
Vehumet
Wu Jian
Xom
Yredelemnul
Zin
The Shining One
Beogh
Jiyva
Lugonu

Annotations:
D Maurice


Message History

The orc warrior completely misses you. The orc knight misses you.
You sock the orc knight!
The orc knight is lightly wounded.
The orc no longer looks unusually strong.
The orc warrior misses you.
The orc knight roars a battlecry!
The orcs go into a battle-frenzy!
You hit the orc knight.
The orc knight is lightly wounded.
The orc warrior barely misses you.
The orc knight hits you but does no damage.
You bludgeon the orc knight!!
The orc knight is heavily wounded.
The orc warrior misses you.
The orc knight hits you with a +2 great sword.
You closely miss the orc knight.
The orc knight is heavily wounded.
The orc warrior barely misses you. The orc knight completely misses you.
You bludgeon the orc knight!!
The orc knight is severely wounded.
The orc warrior closely misses you.
The orc knight hits you with a +2 great sword!
You sock the orc knight!
The orc knight is almost dead.
The orc warrior hits you from afar with a +0 glaive!!
The orc knight hits you with a +2 great sword!
* * * LOW HITPOINT WARNING * * *
You barely miss the orc knight.
The orc knight is almost dead.
The orc warrior closely misses you.
The orc knight hits you with a +2 great sword!!
* * * LOW HITPOINT WARNING * * *
Unknown command.
You closely miss the orc knight.
The orc knight is almost dead.
The orc warrior completely misses you.
You hit the orc knight but do no damage.
The orc knight is almost dead.
The orc knight hits you with a +2 great sword!
You die...

▓.▓.▓.▓_▓
▓.▓.▓.▓.▓_▓
▓.▓.▓.▓.▓_▓
▓o▓.▓.▓.▓_▓
▓o▓.▓.▓.▓_▓
▓o▓.▓÷▓.▓_▓
▓o▓.▓÷▓.▓_▓
▓o▓.▓)▓.▓_▓
▓@▓.▓.▓.▓_▓
▓)▓.▓.▓.▓_▓
▓)▓.▓.▓.▓_▓
▓'▓.▓.▓.▓_▓
▓.▓.▓.▓.▓_▓
▓.▓.▓.▓.▓_▓
▓.▓.▓.▓.▓_▓
▓.▓.▓.▓.▓_▓
▓.▓.▓÷▓.▓_▓


You could see an orc knight, 2 orc warriors and 2 orcs.

Vanquished Creatures
  3 hydras (D)
  A boulder beetle (D)
  A catoblepas (D)
  6 death yaks (D)
  A tengu warrior (D)
  An orc knight (D)
  An orc sorcerer (D)
  A black mamba (D)
  A cane toad (D)
  A rime drake (D)
  A troll (D)
  A blink frog (D)
  5 yaks (D)
  A water moccasin (D)
  7 orc warriors (D)
  A centaur (D)
  6 bullfrogs (D)
  A scorpion (D)
  A wight (D)
  A jelly (D)
  2 orc wizards (D)
  An ufetubus (D)
  An adder skeleton (D)
  A leopard gecko (D)
  10 orcs (D)
  A bat skeleton (D)
  A goblin (D)
  2 hobgoblins (D)
  A jackal (D)
  A quokka (D)
  A kobold (D)
64 creatures vanquished.

Vanquished Creatures (collateral kills)
  A death yak (D)
  A komodo dragon (D)
  A water moccasin (D)
  A bullfrog (D)
4 creatures vanquished.

Grand Total: 68 creatures vanquished

Notes
Turn   | Place    | Note
-------+----------+-------------------------------------------
     0 | D        | mhtbhm the Human Berserker began the quest for the Orb.
     0 | D        | Reached XP level 1. HP: 18/18 MP: 1/1
    12 | D        | Reached ** piety under Trog
    19 | D        | Reached XP level 2. HP: 10/25 MP: 2/2
   235 | D        | Noticed a scorpion
   241 | D        | Reached *** piety under Trog
   242 | D        | Reached skill level 4 in Maces & Flails
   249 | D        | Killed a scorpion
   250 | D        | Reached skill level 5 in Fighting
   250 | D        | Reached skill level 5 in Maces & Flails
   250 | D        | Reached XP level 3. HP: 26/33 MP: 3/3
   250 | D        | Reached XP level 4. HP: 30/39 MP: 4/4
   252 | D        | Reached **** piety under Trog
   386 | D        | Found a snail-covered altar of Cheibriados.
   386 | D        | Found a shadowy altar of Dithmenos.
   386 | D        | Found a white marble altar of Elyvilon.
   386 | D        | Found a blossoming altar of Fedhas.
   386 | D        | Found an opulent altar of Gozag.
   387 | D        | Found a hazy altar of Hepliaklqana.
   388 | D        | Found a viscous altar of Jiyva.
   389 | D        | Found an ancient bone altar of Kikubaaqudgha.
   390 | D        | Found a corrupted altar of Lugonu.
   391 | D        | Found a burning altar of Makhleb.
   392 | D        | Found a sparkling altar of Nemelex Xobeh.
   393 | D        | Found an iron altar of Okawaru.
   394 | D        | Found a stormy altar of Qazlal.
   395 | D        | Found a sacrificial altar of Ru.
   396 | D        | Found a shimmering blue altar of Sif Muna.
   397 | D        | Found a bloodstained altar of Trog.
   398 | D        | Found a hide-covered altar of Uskayaw.
   399 | D        | Found a radiant altar of Vehumet.
   400 | D        | Found an ornate altar of the Wu Jian Council.
   401 | D        | Found a shimmering altar of Xom.
   402 | D        | Found a basalt altar of Yredelemnul.
   403 | D        | Found a glowing silver altar of Zin.
   404 | D        | Found a glowing golden altar of the Shining One.
   457 | D        | Noticed a bullfrog
   457 | D        | Noticed an orc warrior
   457 | D        | Noticed a bullfrog
   457 | D        | Noticed a bullfrog
   462 | D        | Killed a bullfrog
   463 | D        | Reached skill level 7 in Maces & Flails
   463 | D        | Reached XP level 5. HP: 47/47 MP: 5/5
   469 | D        | Killed a bullfrog
   470 | D        | Reached skill level 8 in Maces & Flails
   470 | D        | Reached skill level 1 in Stealth
   470 | D        | Reached XP level 6. HP: 53/53 MP: 6/6
   473 | D        | Killed an orc warrior
   474 | D        | Reached skill level 9 in Maces & Flails
   474 | D        | Reached skill level 5 in Dodging
   479 | D        | Reached XP level 7. HP: 44/62 MP: 7/7
   639 | D        | Noticed a four-headed hydra
   639 | D        | Noticed a tengu warrior
   639 | D        | Noticed a troll
   639 | D        | Noticed a boulder beetle
   653 | D        | Reached ***** piety under Trog
   654 | D        | Reached skill level 10 in Maces & Flails
   662 | D        | Killed a troll
   663 | D        | Reached skill level 11 in Maces & Flails
   676 | D        | Reached skill level 5 in Armour
   676 | D        | Reached XP level 8. HP: 30/71 MP: 8/8
   676 | D        | Killed a boulder beetle
   677 | D        | Reached skill level 10 in Fighting
   677 | D        | Reached skill level 12 in Maces & Flails
   677 | D        | Reached skill level 1 in Evocations
   678 | D        | Killed a tengu warrior
   678 | D        | Received a gift from Trog
   679 | D        | Reached skill level 13 in Maces & Flails
   679 | D        | Reached XP level 9. HP: 34/79 MP: 9/9
   683 | D        | Killed a four-headed hydra
   684 | D        | Reached skill level 14 in Maces & Flails
   978 | D        | Noticed Maurice
  1214 | D        | Noticed a komodo dragon
  1214 | D        | Noticed an eight-headed hydra
  1214 | D        | Noticed a four-headed hydra
  1214 | D        | Noticed a black mamba
  1219 | D        | Noticed a cane toad
  1221 | D        | Killed a four-headed hydra
  1222 | D        | Reached XP level 10. HP: 88/88 MP: 10/10
  1229 | D        | Killed an eight-headed hydra
  1230 | D        | Reached skill level 15 in Maces & Flails
  1240 | D        | Killed a black mamba
  1247 | D        | Reached skill level 10 in Armour
  1249 | D        | Killed a komodo dragon
  1253 | D        | Killed a cane toad
  1267 | D        | Received a gift from Trog
  1524 | D        | Noticed a catoblepas
  1524 | D        | Noticed a rime drake
  1550 | D        | Killed a catoblepas
  1551 | D        | Reached XP level 11. HP: 96/96 MP: 11/11
  1568 | D        | Reached ****** piety under Trog
  1571 | D        | Received a gift from Trog
  1725 | D        | Noticed a death yak
  1725 | D        | Noticed a death yak
  1725 | D        | Noticed a death yak
  1725 | D        | Noticed a death yak
  1725 | D        | Noticed a death yak
  1727 | D        | Noticed a death yak
  1747 | D        | Killed a death yak
  1748 | D        | Reached skill level 16 in Maces & Flails
  1754 | D        | Noticed a death yak
  1758 | D        | Killed a death yak
  1762 | D        | Killed a death yak
  1763 | D        | Reached skill level 10 in Dodging
  1775 | D        | Killed a death yak
  1780 | D        | Killed a death yak
  1785 | D        | Killed a death yak
  1794 | D        | Killed a death yak
  1794 | D        | Received a gift from Trog
  2127 | D        | Received a gift from Trog
  2269 | D        | Noticed an orc sorcerer
  2269 | D        | Noticed an orc knight
  2275 | D        | Reached skill level 17 in Maces & Flails
  2275 | D        | Reached XP level 12. HP: 108/108 MP: 12/12
  2284 | D        | Received a gift from Trog
  2320 | D        | HP: 3/108 [orc knight/+2 great sword (21)]
  2322 | D        | Slain by an orc knight

Illustrated notes

Levels and vault maps discovered:
D:        linesprint [early_d, line_temple, items_1, d_10, items_2, lair_1,
          lair_end, items_3, orc_1, orc_end, items_4, d_15, swamp_1, shoals_1,
          snake_1, spider_1, d_20, vaults_1, items_5, swamp_end, shoals_end,
          snake_end, spider_end, vaults_end, d_27, items_6, zot_1, zot_end,
          crypt_end, forest_end, elf_end, slime_end, tomb_end, abyss_end,
          pan_hell_end]

Skill      XL: |  1  2  3  4  5  6  7  8  9 10 11 |
---------------+----------------------------------+-----
Fighting       | 5 6 8 9 10 11 12 14 | 14.7
Maces & Flails | 5 7 8 9 11 13 14 15 17 | 17.3
Armour         | 3 4 5 7 8 11 13 | 13.3
Dodging        | 3 4 5 6 7 8 9 10 | 10.6
Stealth        | 1 2 3 4 |  4.8
Evocations     | 1 2 3 |  3.4

Action                   |  1- 3 |  4- 6 |  7- 9 | 10-12 || total
-------------------------+-------+-------+-------+-------++-------
Melee: Mace              |    26 |     3 |       |       ||    29
       Dire flail        |       |    19 |    57 |   212 ||   288
Invok: Berserk           |     2 |     1 |     2 |     4 ||     9
       Brothers in Arms  |       |       |       |     2 ||     2
Evoke: Wand              |       |       |     3 |     2 ||     5
  Use: Potion            |       |       |     2 |     1 ||     3
Armor: Animal skin       |     3 |     1 |       |       ||     4
       Scale mail        |       |     2 |    36 |    51 ||    89
Dodge: Dodged            |    15 |     7 |    35 |    89 ||   146

Table legend: (Time is in decaauts)
 A = Elapsed time spent in this place.
 B = Non-inter-level travel time spent in this place.
 C = Inter-level travel time spent in this place.
 D = Time resting spent in this place.
 E = Time spent auto-exploring this place.
 F = Levels seen in this place.
 G = Mean time per level.
                   A        B        C        D        E       F      G
               +--------+--------+--------+--------+--------+-----+--------+
         Total |   2276 |   2276 |      0 |   1502 |    212 |   1 | 2276.0 |
       Dungeon |   2276 |   2276 |      0 |   1502 |    212 |   1 | 2276.0 |
               +--------+--------+--------+--------+--------+-----+--------+

Top non-repeatable levels by time:
       D: 2276 daAuts
